 Dungeon Crawl Stone Soup version 0.27-a0-1590-g15f69828bf (webtiles) character file.

Game seed: 13853509937433028191

198 duskshroud the Skirmisher (level 5, 0/34 HPs)
             Began as a Gargoyle Fighter on July 19, 2021.
             Slain by a gnoll (2 damage)
             ... on level 4 of the Dungeon.
             The game lasted 00:07:12 (2628 turns).

duskshroud the Skirmisher (Gargoyle Fighter)        Turns: 2628, Time: 00:07:12

Health: 0/34       AC: 14    Str: 21    XL:     5   Next: 76%
Magic:  5/5        EV:  5    Int:  8    God:
Gold:   121        SH:  9    Dex:  9    Spells: 4/4 levels left

rFire    . . .     SeeInvis .   a - +0 flail
rCold    . . .     Faith    .   c - +0 kite shield
rNeg     + . .     Spirit   .   l - +0 chain mail
rPois    ∞         Reflect  .   (no helmet)
rElec    +         Harm     .   (no cloak)
rCorr    .         Rampage  .   (no gloves)
Will     .....                  e - +0 pair of boots
Stlth    ..........             (no amulet)
HPRegen  0.11/turn              (no ring)
MPRegen  0.09/turn              (no ring)

@: no status effects
A: sickness immunity, AC +4, negative energy resistance 1, electricity
resistance, torment resistance 1, petrification resistance
a: no special abilities


You were on level 4 of the Dungeon.
You visited 1 branch of the dungeon, and saw 4 of its levels.

You collected 121 gold pieces.

Inventory:

Hand Weapons
 a - a +0 flail (weapon)
Armour
 c - a +0 kite shield (worn)
 e - a +0 pair of boots (worn)
 l - a +0 chain mail (worn)
Scrolls
 f - 2 scrolls of enchant weapon {unknown}
 g - a scroll of holy word {unknown}
 h - 2 scrolls of identify {unknown}
 i - 2 scrolls of noise {unknown}
 n - 2 scrolls of teleportation {unknown}
 o - a scroll of fog {unknown}
Potions
 b - a potion of heal wounds {unknown}
 j - a potion of mutation {unknown}
 k - a potion of magic {unknown}
 m - a potion of flight {unknown}


   Skills:
 + Level 4.4 Fighting
 * Level 4.3 Maces & Flails
 - Level 3.2 Armour
 + Level 4.4 Shields


You had 4 spell levels left.
You didn't know any spells.
Your spell library was empty.

Dungeon Overview and Level Annotations

Branches:
Dungeon (4/15)
 Temple: D:4-7

Altars:
The Shining One


Innate Abilities, Weirdness & Mutations

You are immune to sickness and miasma.
Your stone body is resilient. (AC +4)
You are immune to poison.
You resist negative energy. (rN+)
You are resistant to electric shocks. (rElec)
You are resistant to unholy torment.
You are immune to petrification.


Message History

A gnoll comes into view. It is wielding a +0 flail.
The gnoll shouts!
A gnoll comes into view. It is wielding a +0 halberd.
The gnoll shouts!
The gnoll barely misses you.
You closely miss the gnoll. You block the gnoll's attack.
You hit the gnoll but do no damage. The gnoll hits you with a +0 flail!
You sock the gnoll!
The gnoll is heavily wounded.
The gnoll hits you but does no damage. The gnoll hits you with a +0 flail.
You barely miss the gnoll.
The gnoll is heavily wounded.
A gnoll comes into view. It is wielding a +2 spear of freezing.
You block the gnoll's attack. The gnoll barely misses you.
The gnoll hits you from afar with a +0 halberd.
You hit the gnoll.
You kill the gnoll!
You block the gnoll's attack. You block the gnoll's attack.
You closely miss the gnoll. You block the gnoll's attack.
Your shield prevents you from hitting the gnoll.
The gnoll hits you from afar with a +2 spear of freezing.
The gnoll freezes you. The gnoll barely misses you.
The gnoll hits you but does no damage. x2
You closely miss the gnoll. The gnoll barely misses you.
You block the gnoll's attack.
You hit the gnoll.
The gnoll is lightly wounded.
You block the gnoll's attack. The gnoll hits you with a +0 halberd.
The gnoll hits you from afar with a +2 spear of freezing.
* * * LOW HITPOINT WARNING * * *
The gnoll freezes you.
* * * LOW HITPOINT WARNING * * *
The gnoll hits you but does no damage.
You closely miss the gnoll.
The gnoll is lightly wounded.
The gnoll hits you from afar with a +2 spear of freezing.
* * * LOW HITPOINT WARNING * * *
The gnoll freezes you.
You die...

#........##..######
#............#
#............#
#.....)......#
#............#
####.........# .
###...........
.$..#.........#...
.......@)........
......g..........
...#...g.........
.. #.............
....$.......#+#
.............#
....##.........
.... ##........


You could see 2 gnolls.

Vanquished Creatures
  A bullfrog skeleton (D:3)
  An orc wizard (D:2)
  2 adders
  4 gnolls
  An adder skeleton (D:4)
  2 worms (D:3)
  4 dart slugs
  4 orcs (D:3)
  4 endoplasms
  3 giant cockroaches
  7 goblins
  3 hobgoblins
  2 jackals (D:1)
  A quokka (D:1)
  7 ball pythons
  7 bats
  5 frilled lizards
  6 kobolds
  8 rats
72 creatures vanquished.

Vanquished Creatures (others)
  A giant cockroach (D:2)
1 creature vanquished.

Grand Total: 73 creatures vanquished

Notes
Turn   | Place    | Note
-------+----------+-------------------------------------------
     0 | D:1      | duskshroud the Gargoyle Fighter began the quest for the
                  | Orb.
     0 | D:1      | Reached XP level 1. HP: 14/14 MP: 1/1
   102 | D:1      | Reached XP level 2. HP: 19/19 MP: 2/2
   465 | D:1      | Reached XP level 3. HP: 18/23 MP: 3/3
   467 | D:1      | Found a faded altar of an unknown god.
  1054 | D:2      | Reached XP level 4. HP: 29/29 MP: 4/4
  1666 | D:3      | Reached XP level 5. HP: 33/33 MP: 5/5
  1909 | D:3      | Found a glowing golden altar of the Shining One.
  2628 | D:4      | Slain by a gnoll

Illustrated notes

Levels and vault maps discovered:
D:1:      dpeg_arrival_stone_temple_mockup, layout_loops_cross,
          chequers_ecumenical_altar_simple
D:2:      layout_rooms, amcnicky_mini_corridor_feature, lemuel_flame_loot_1
D:3:      layout_rooms, mainiacjoe_overflow_paths, kennysheep_pointless_box
D:4:      layout_basic, mainiacjoe_overflow_catwalk, grunt_qazlal_sundering,
          nicolae_ossuary_entry_plus

Skill      XL: |  1  2  3  4  5 |
---------------+----------------+-----
Maces & Flails | 3 4 |  4.3
Fighting       | 4 |  4.4
Shields        | 4 |  4.4
Armour         | |  3.2

Action                   |  1- 3 |  4- 6 || total
-------------------------+-------+-------++-------
Melee: Flail             |   132 |   134 ||   266
  Use: Potion            |       |     1 ||     1
Armor: Scale mail        |    67 |       ||    67
       Chain mail        |    17 |    98 ||   115
Dodge: Dodged            |    50 |    32 ||    82
Block: Kite shield       |    64 |    79 ||   143

Table legend: (Time is in decaauts)
 A = Elapsed time spent in this place.
 B = Non-inter-level travel time spent in this place.
 C = Inter-level travel time spent in this place.
 D = Time resting spent in this place.
 E = Time spent auto-exploring this place.
 F = Levels seen in this place.
 G = Mean time per level.
                   A        B        C        D        E       F      G
               +--------+--------+--------+--------+--------+-----+--------+
         Total |   2750 |   2689 |     61 |    701 |   1187 |   4 |  687.5 |
       Dungeon |   2750 |   2689 |     61 |    701 |   1187 |   4 |  687.5 |
               +--------+--------+--------+--------+--------+-----+--------+

Top non-repeatable levels by time:
     D:2: 1128 daAuts
     D:1: 782 daAuts
     D:3: 752 daAuts
     D:4: 86 daAuts
